TOP OF THE 1ST |
Clinton Pilots batting - Pitching for Wausau Timbers : RHP Doug Cook
|
Pitching: RHP Doug Cook
|
|
Batting: LHB Roman Dusquesne
|
0-0: Ball 1-0: Swinging Strike 1-1: Foul Ball, location: 2F 1-2: Strikes out swinging
|
Batting: RHB Tom Riley
|
0-0: Ground out U3 (Groundball, 34, EV 103.1 MPH)
|
Batting: RHB Bert Pena
|
0-0: Called Strike 0-1: Ground out 4-3 (Groundball, 34, EV 80.6 MPH)
|
Top of the 1st over - 0 runs, 0 hits, 0 errors, 0 left on base; Clinton 0 - Wausau 0 |
BOTTOM OF THE 1ST |
Wausau Timbers batting - Pitching for Clinton Pilots : LHP Bob Patterson
|
Pitching: LHP Bob Patterson
|
|
Batting: RHB John Nicolo
|
0-0: Called Strike 0-1: Ball 1-1: Ball 2-1: Swinging Strike 2-2: Foul Ball, location: 2F 2-2: Foul Ball, location: 2F 2-2: Foul Ball, location: 2F 2-2: Ball 3-2: Fly out, F6 (Popup, 6S, EV 76.3 MPH)
|
Batting: LHB Rodney Nealeigh
|
0-0: Ball 1-0: Fly out, F8 (Flyball, 8LS, EV 92.5 MPH)
|
Batting: RHB Alan Griffin
|
0-0: Ball 1-0: Foul Ball, location: 2F 1-1: DOUBLE (Groundball, 5L, EV 103.1 MPH)
|
Batting: RHB Rich Renteria
|
0-0: Ball 1-0: SINGLE (Groundball, 56D, EV 98.1 MPH) Alan Griffin to third Runner from 3rd tries for Home, SAFE, throw by LF to home
|
Batting: RHB Douglas Davis
|
0-0: Ball 1-0: Called Strike 1-1: Fly out, F9 (Line Drive, 9, EV 94.4 MPH)
|
Bottom of the 1st over - 1 run, 2 hits, 0 errors, 1 left on base; Clinton 0 - Wausau 1 |
TOP OF THE 2ND |
Clinton Pilots batting - Pitching for Wausau Timbers : RHP Doug Cook
|
Batting: RHB Abe Rael
|
0-0: Called Strike 0-1: Called Strike 0-2: Strikes out swinging
|
Batting: RHB Joseph Rietano
|
0-0: Ball 1-0: Ball 2-0: Ball 3-0: Called Strike 3-1: Base on Balls
|
Batting: RHB Alberto Reyes
|
0-0: Foul Ball, location: 2F 0-1: Foul Ball, location: 2F 0-2: Ball 1-2: Foul Ball, location: 2F 1-2: Grounds into double play, 5-4-3 (Groundball, 56, EV 106.3 MPH)
|
Top of the 2nd over - 0 runs, 0 hits, 0 errors, 0 left on base; Clinton 0 - Wausau 1 |
BOTTOM OF THE 2ND |
Wausau Timbers batting - Pitching for Clinton Pilots : LHP Bob Patterson
|
Batting: SHB James Flores
|
0-0: Ground out 6-3 (Groundball, 6, EV 98.8 MPH)
|
Batting: RHB Bruce Chaney
|
0-0: Called Strike 0-1: Ball 1-1: Swinging Strike 1-2: Strikes out swinging
|
Batting: RHB Jeffrey Young
|
0-0: Ball 1-0: Called Strike 1-1: Ball 2-1: Ball 3-1: Foul Ball, location: 2F 3-2: Foul Ball, location: 2F 3-2: Ground out 4-3 (Groundball, 4, EV 86.9 MPH)
|
Bottom of the 2nd over - 0 runs, 0 hits, 0 errors, 0 left on base; Clinton 0 - Wausau 1 |
TOP OF THE 3RD |
Clinton Pilots batting - Pitching for Wausau Timbers : RHP Doug Cook
|
Batting: RHB Barry Siebert
|
0-0: Foul Ball, location: 2F 0-1: Swinging Strike 0-2: Strikes out swinging
|
Batting: LHB Epifano Martinez
|
0-0: Called Strike 0-1: Swinging Strike 0-2: Strikes out swinging
|
Batting: RHB Donn Koch
|
0-0: Called Strike 0-1: Ball 1-1: Ball 2-1: Foul Ball, location: 2F 2-2: Strikes out swinging
|
Top of the 3rd over - 0 runs, 0 hits, 0 errors, 0 left on base; Clinton 0 - Wausau 1 |
BOTTOM OF THE 3RD |
Wausau Timbers batting - Pitching for Clinton Pilots : LHP Bob Patterson
|
Batting: RHB John Pignotti
|
0-0: Ball 1-0: Ball 2-0: Foul Ball, location: 2F 2-1: Ball 3-1: Foul Ball, location: 2F 3-2: SINGLE (Groundball, 56D, EV 95.6 MPH)
|
Batting: RHB John Nicolo
|
0-0: Fielders Choice at 2nd, 5-4 (Groundball, 56S, EV 91.3 MPH)
|
Batting: LHB Rodney Nealeigh
|
0-0: Foul Ball, location: 2F 0-1: Called Strike John Nicolo steals 2nd base 0-2: Ground out 6-3 (Groundball, 4MS, EV 72.5 MPH) John Nicolo to third
|
Batting: RHB Alan Griffin
|
0-0: Ball 1-0: Foul Ball, location: 2F 1-1: Ground out 6-3 (Groundball, 6, EV 82.5 MPH)
|
Bottom of the 3rd over - 0 runs, 1 hit, 0 errors, 1 left on base; Clinton 0 - Wausau 1 |
TOP OF THE 4TH |
Clinton Pilots batting - Pitching for Wausau Timbers : RHP Doug Cook
|
Batting: LHB Roman Dusquesne
|
0-0: Foul Ball, location: 2F 0-1: Fly out, F9 (Flyball, 89M, EV 87.5 MPH)
|
Batting: RHB Tom Riley
|
0-0: Ball 1-0: Ball 2-0: Ball 3-0: Called Strike 3-1: Foul Ball, location: 2F 3-2: Ground out 6-3 (Groundball, 56, EV 82.5 MPH)
|
Batting: RHB Bert Pena
|
0-0: Foul Ball, location: 2F 0-1: Ball 1-1: Swinging Strike 1-2: Fly out, F8 (Flyball, 8RS, EV 75.6 MPH)
|
Top of the 4th over - 0 runs, 0 hits, 0 errors, 0 left on base; Clinton 0 - Wausau 1 |
BOTTOM OF THE 4TH |
Wausau Timbers batting - Pitching for Clinton Pilots : LHP Bob Patterson
|
Batting: RHB Rich Renteria
|
0-0: Ball 1-0: SINGLE (Flyball, 9, EV 92.5 MPH)
|
Batting: RHB Douglas Davis
|
0-0: Ball 1-0: Called Strike 1-1: Ball 2-1: Called Strike 2-2: Strikes out swinging
|
Batting: SHB James Flores
|
0-0: Ball 1-0: Ball 2-0: Ball 3-0: Called Strike 3-1: Fly out, F8 (Flyball, 8RS, EV 81.9 MPH)
|
Batting: RHB Bruce Chaney
|
0-0: SINGLE (Groundball, P, EV 85.0 MPH) (infield hit) Rich Renteria to second
|
Batting: RHB Jeffrey Young
|
0-0: Ball 1-0: Called Strike 1-1: Swinging Strike 1-2: Strikes out swinging
|
Bottom of the 4th over - 0 runs, 2 hits, 0 errors, 2 left on base; Clinton 0 - Wausau 1 |
TOP OF THE 5TH |
Clinton Pilots batting - Pitching for Wausau Timbers : RHP Doug Cook
|
Batting: RHB Abe Rael
|
0-0: Foul Ball, location: 2F 0-1: Ball 1-1: SINGLE (Flyball, 5D, EV 83.1 MPH)
|
Batting: RHB Joseph Rietano
|
0-0: Ball 1-0: Ball 2-0: Called Strike 2-1: Ball 3-1: Fly out, F9 (Flyball, 89D, EV 97.5 MPH)
|
Batting: RHB Alberto Reyes
|
0-0: Ball 1-0: Ball 2-0: Called Strike 2-1: Swinging Strike 2-2: Grounds into double play, 6-4-3 (Groundball, 6, EV 89.4 MPH)
|
Top of the 5th over - 0 runs, 1 hit, 0 errors, 0 left on base; Clinton 0 - Wausau 1 |
BOTTOM OF THE 5TH |
Wausau Timbers batting - Pitching for Clinton Pilots : LHP Bob Patterson
|
Batting: RHB John Pignotti
|
0-0: Foul Ball, location: 2F 0-1: Ball 1-1: SINGLE (Flyball, 5D, EV 93.8 MPH)
|
Batting: RHB John Nicolo
|
0-0: Ball 1-0: Foul Ball, location: 2F 1-1: Called Strike 1-2: Foul Ball, location: 2F 1-2: Foul Ball, location: 2F 1-2: Foul Ball, location: 2F 1-2: Ball 2-2: Ball 3-2: Grounds into double play, 6-4-3 (Groundball, 6, EV 103.1 MPH)
|
Batting: LHB Rodney Nealeigh
|
0-0: Ball 1-0: Swinging Strike 1-1: Ball 2-1: Foul Ball, location: 2F 2-2: Foul Ball, location: 2F 2-2: Foul Ball, location: 2F 2-2: Foul Ball, location: 2F 2-2: SINGLE (Flyball, 9LM, EV 95.0 MPH)
|
Batting: RHB Alan Griffin
|
0-0: Fly out, F8 (Flyball, 8RD, EV 108.8 MPH)
|
Bottom of the 5th over - 0 runs, 2 hits, 0 errors, 1 left on base; Clinton 0 - Wausau 1 |
TOP OF THE 6TH |
Clinton Pilots batting - Pitching for Wausau Timbers : RHP Doug Cook
|
Batting: RHB Barry Siebert
|
0-0: Swinging Strike 0-1: Foul Ball, location: 2F 0-2: Foul Ball, location: 2F 0-2: Ball 1-2: Ball 2-2: Strikes out swinging
|
Batting: LHB Epifano Martinez
|
0-0: Swinging Strike 0-1: Ball 1-1: Ball 2-1: Ground out U3 (Groundball, 3S, EV 65.6 MPH)
|
Batting: RHB Donn Koch
|
0-0: Swinging Strike 0-1: Foul Ball, location: 2F 0-2: Ball 1-2: Strikes out swinging
|
Top of the 6th over - 0 runs, 0 hits, 0 errors, 0 left on base; Clinton 0 - Wausau 1 |
BOTTOM OF THE 6TH |
Wausau Timbers batting - Pitching for Clinton Pilots : LHP Bob Patterson
|
Batting: RHB Rich Renteria
|
0-0: DOUBLE (Line Drive, 89D, EV 110.6 MPH)
|
Batting: RHB Douglas Davis
|
0-0: Called Strike 0-1: Ball 1-1: SINGLE (Groundball, 56, EV 108.1 MPH) (infield hit) Rich Renteria to third
|
Batting: SHB James Flores
|
Squeeze bunt is on, Rich Renteria is out 0-1: Foul Ball, location: 2F 0-2: Ball 1-2: Ball 2-2: Ground out 6-3 (Groundball, 56, EV 100.0 MPH) Douglas Davis to second
|
Batting: RHB Bruce Chaney
|
0-0: Foul Ball, location: 2F 0-1: Swinging Strike 0-2: Ball 1-2: SINGLE (Groundball, 4MD, EV 108.1 MPH) Douglas Davis to third Runner from 3rd tries for Home, SAFE, throw by CF to home
|
Batting: RHB Jeffrey Young
|
0-0: Called Strike 0-1: Foul Ball, location: 2F 0-2: Ball 1-2: Fly out, F8 (Flyball, 8RS, EV 91.3 MPH)
|
Bottom of the 6th over - 1 run, 3 hits, 0 errors, 1 left on base; Clinton 0 - Wausau 2 |
TOP OF THE 7TH |
Clinton Pilots batting - Pitching for Wausau Timbers : RHP Doug Cook
|
Batting: LHB Roman Dusquesne
|
0-0: Called Strike 0-1: Ground out U3 (Groundball, 3, EV 103.1 MPH)
|
Batting: RHB Tom Riley
|
0-0: Called Strike 0-1: Ball 1-1: Ground out 6-3 (Groundball, 6, EV 100.6 MPH)
|
Batting: RHB Bert Pena
|
0-0: Called Strike 0-1: Foul Ball, location: 2F 0-2: Strikes out looking
|
Top of the 7th over - 0 runs, 0 hits, 0 errors, 0 left on base; Clinton 0 - Wausau 2 |
BOTTOM OF THE 7TH |
Wausau Timbers batting - Pitching for Clinton Pilots : LHP Bob Patterson
|
Batting: RHB John Pignotti
|
0-0: Ball 1-0: Ball 2-0: Ball 3-0: Called Strike 3-1: Base on Balls
|
Batting: RHB John Nicolo
|
0-0: Called Strike 0-1: DOUBLE (Flyball, 78D, EV 95.0 MPH) John Pignotti to third
|
Batting: LHB Rodney Nealeigh
|
0-0: Ball 1-0: Fly out, F7 (Flyball, 78D, EV 85.6 MPH) Runner from 3rd tags up, SCORES, throw by LF John Nicolo to third
|
Batting: RHB Alan Griffin
|
0-0: Intentional Walk
|
Batting: RHB Rich Renteria
|
0-0: Called Strike 0-1: Fly out, F8 (Flyball, 8RD, EV 85.6 MPH) Runner from 3rd tags up, SCORES, throw by CF
|
Batting: RHB Douglas Davis
|
0-0: Fly out, F9 (Flyball, 9LS, EV 83.1 MPH)
|
Bottom of the 7th over - 2 runs, 1 hit, 0 errors, 1 left on base; Clinton 0 - Wausau 4 |
TOP OF THE 8TH |
Clinton Pilots batting - Pitching for Wausau Timbers : RHP Doug Cook
|
Batting: RHB Abe Rael
|
0-0: Ground out 6-3 (Groundball, 6, EV 100.0 MPH)
|
Batting: RHB Joseph Rietano
|
0-0: Ball 1-0: Ground out 5-3 (Groundball, 56S, EV 83.8 MPH)
|
Batting: RHB Alberto Reyes
|
0-0: Ball 1-0: Ball 2-0: SINGLE (Groundball, 5S, EV 65.6 MPH) (infield hit)
|
Batting: RHB Barry Siebert
|
0-0: Ball 1-0: Ball 2-0: Ball 3-0: Base on Balls Alberto Reyes to second
|
Batting: LHB Epifano Martinez
|
0-0: Called Strike 0-1: Ball 1-1: SINGLE (Groundball, 34D, EV 103.1 MPH) Alberto Reyes to third Barry Siebert to second Runner from 3rd tries for Home, SAFE, throw by RF to home
|
Batting: RHB Donn Koch
|
0-0: Foul Ball, location: 2F 0-1: Ball 1-1: Ball 2-1: Fielders Choice at 2nd, 6-4 (Groundball, 6, EV 92.5 MPH)
|
Top of the 8th over - 1 run, 2 hits, 0 errors, 2 left on base; Clinton 1 - Wausau 4 |
BOTTOM OF THE 8TH |
Wausau Timbers batting - Pitching for Clinton Pilots : LHP Bob Patterson
|
Batting: SHB James Flores
|
0-0: Ball 1-0: Ground out 6-3 (Groundball, 6, EV 103.8 MPH)
|
Batting: RHB Bruce Chaney
|
0-0: Ball 1-0: Swinging Strike 1-1: Ground out 4-3 (Groundball, 4M, EV 84.4 MPH)
|
Batting: RHB Jeffrey Young
|
0-0: Called Strike 0-1: Swinging Strike 0-2: Ball 1-2: Ball 2-2: Ball 3-2: Foul Ball, location: 2F 3-2: DOUBLE (Flyball, 89D, EV 100.0 MPH)
|
Pitching: LHP Huub Dikker
|
|
Batting: RHB John Pignotti
|
0-0: Called Strike 0-1: Foul Ball, location: 2F 0-2: Foul Ball, location: 2F 0-2: Ball 1-2: Strikes out swinging
|
Bottom of the 8th over - 0 runs, 1 hit, 0 errors, 1 left on base; Clinton 1 - Wausau 4 |
TOP OF THE 9TH |
Clinton Pilots batting - Pitching for Wausau Timbers : RHP Doug Cook
|
Batting: LHB Roman Dusquesne
|
0-0: Called Strike 0-1: Foul Ball, location: 2F 0-2: Strikes out swinging
|
Batting: RHB Tom Riley
|
0-0: Ball 1-0: Called Strike 1-1: Ball 2-1: Ball 3-1: Foul Ball, location: 2F 3-2: Hit by Pitch
|
Batting: RHB Bert Pena
|
0-0: Fly out, F8 (Flyball, 89D, EV 98.8 MPH)
|
Batting: RHB Abe Rael
|
0-0: Swinging Strike 0-1: Ball 1-1: Ball 2-1: Foul Ball, location: 2F 2-2: Ball 3-2: Ground out 6-3 (Groundball, 4MS, EV 84.4 MPH)
|
Top of the 9th over - 0 runs, 0 hits, 0 errors, 1 left on base; Clinton 1 - Wausau 4 |
|